 Dungeon Crawl Stone Soup version 0.22-a0-515-g75794bf (webtiles) character file.

494 Amnesiac the Skirmisher (level 6, -2/36 HPs)
             Began as a Spriggan Berserker on June 19, 2018.
             Was a Priest of Trog.
             Killed from afar by an orc wizard (6 damage)
             ... with a magic dart
             ... on level 4 of the Dungeon.
             The game lasted 00:04:51 (2824 turns).

Amnesiac the Skirmisher (Spriggan Berserker)        Turns: 2824, Time: 00:04:52

Health: -2/36      AC:  2    Str: 14 (15) XL:     6   Next: 92%
Magic:  7/7        EV: 20    Int:  9      God:    Trog [***...]
Gold:   169        SH:  0    Dex: 14 (15) Spells: 5/5 levels left

rFire    . . .     SeeInvis +   a - +2 dagger (drain)
rCold    . . .     Gourm    .   (shield restricted)
rNeg     . . .     Faith    .   f - +0 animal skin
rPois    .         Spirit   .   (helmet restricted)
rElec    .         Reflect  .   (no cloak)
rCorr    +         Harm     .   (gloves unavailable)
MR       +....                  (boots unavailable)
Stlth    ++........             (no amulet)
HPRegen  0.12/turn              d - ring of resist corrosion
MPRegen  0.10/turn              (no ring)

@: very quick
A: very small, unfitting armour, see invisible, herbivore, speed 3, slow
metabolism 2
a: Berserk, Trog's Hand, Renounce Religion


You were on level 4 of the Dungeon.
You worshipped Trog.
Trog was most pleased with you.
You were not hungry.

You visited 1 branch of the dungeon, and saw 4 of its levels.

You collected 169 gold pieces.

Inventory:

Hand Weapons
 a - a +2 dagger of draining (weapon)
 b - a +2 whip of electrocution
Missiles
 j - 105 stones (quivered)
 l - 28 poisoned needles
Armour
 f - a +0 animal skin (worn)
Jewellery
 d - a ring of resist corrosion (left hand)
Wands
 g - a wand of digging (15)
Scrolls
 h - 3 scrolls of remove curse {!r, unknown}
 i - a scroll of enchant armour {!r, unknown}
 k - 2 scrolls of identify {!r, unknown}
 o - a scroll of random uselessness {!r, unknown}
 p - a scroll of fog {!r, unknown}
Potions
 e - 2 potions of brilliance {!q}
 m - a potion of might {!q}
 n - a potion of haste {!q, unknown}
 q - a potion of mutation {!q, unknown}
Comestibles
 c - 7 rations


   Skills:
 + Level 5.9 Fighting
 - Level 3.9 Short Blades
 * Level 5.2 Dodging
 - Level 2.9 Stealth


You had 5 spell levels left.
You didn't know any spells.
Your spell library was empty.

Dungeon Overview and Level Annotations

Branches:
Dungeon (4/15)
 Temple: D:4-7

Altars:
Nemelex Xobeh
Ru
Sif Muna


Innate Abilities, Weirdness & Mutations

You are very small and have problems with some larger weapons.
You are too small for most types of armour.
You have supernaturally acute eyesight. (SInv)
You are a herbivore.
You cover ground extremely quickly.
You need to consume almost no food.


Message History

You impale Sigmund!!
Sigmund is severely wounded.
Sigmund completely misses you.
You hit Sigmund.
Sigmund is almost dead.
You barely miss Sigmund.
Sigmund is almost dead.
Sigmund misses you.
You hit Sigmund but do no damage.
Sigmund is almost dead.
You barely miss Sigmund.
Sigmund is almost dead.
Sigmund misses you.
You closely miss Sigmund.
Sigmund is almost dead.
You hit Sigmund.
You kill Sigmund!
Trog accepts your kill.
Trog appreciates your killing of a magic user.
You feel your strength returning.
Things that are here:
a scythe; a robe; the human corpse of Sigmund
i - a scroll labeled NELYENK JYOSM {!r} You now have 169 gold pieces (gained 16).
You open the door.
There is an open door here.
You open the door.
There is an open door here.
m - a potion of might {!q}
q - a bubbling orange potion {!q} The orc wizard shouts!
You hit the orc wizard but do no damage.
The orc wizard hits you but does no damage.
You hit the orc wizard but do no damage.
The orc wizard gestures at you while chanting.
The puff of flame hits you!
You completely miss the orc wizard. You barely miss the orc wizard.
The orc wizard gestures at you while chanting.
The magic dart hits you!
* * * LOW HITPOINT WARNING * * *
You hit the orc wizard but do no damage.
You drain the orc wizard!
The orc wizard is lightly wounded.
The orc wizard barely misses you.
You hit the orc wizard but do no damage.
You drain the orc wizard!
The orc wizard is moderately wounded.
The orc wizard misses you.
You completely miss the orc wizard.
The orc wizard is moderately wounded.
The orc wizard begins to cast a cantrip, but forgets the words!
You barely miss the orc wizard.
The orc wizard is moderately wounded.
The orc wizard gestures at you while chanting.
The puff of frost hits you!
* * * LOW HITPOINT WARNING * * *
You completely miss the orc wizard.
The orc wizard is moderately wounded.
You closely miss the orc wizard.
The orc wizard is moderately wounded.
The orc wizard gestures at you while chanting.
The magic dart hits you!
You die...

..#..........#......#
..#..........#......#
..#..........#......#
..#######'####......#
....................#
....................#
....................#
...............<..#
..............@...#
..............o...#
###########.......#
#.......# #.......#
#.......# #.......#
#########


You could see an orc wizard.

Vanquished Creatures
  Sigmund (D:4)
  3 wights (D:3)
  An orc wizard (D:3)
  A worker ant (D:4)
  5 adders
  3 gnolls (D:4)
  An ooze (D:2)
  5 worms
  2 dart slugs
  2 leopard geckos
  3 orcs (D:3)
  A ball python (D:3)
  5 bats
  4 giant cockroaches
  4 goblins
  6 hobgoblins
  4 jackals (D:3)
  10 kobolds
  2 quokkas (D:3)
  5 frilled lizards
  6 rats
74 creatures vanquished.

Vanquished Creatures (others)
  A kraken (D:1)
  A minotaur (D:1)
  An octopode (D:1)
  A vine stalker (D:1)
  A troll (D:1)
  2 spriggans (D:1)
  An ogre (D:1)
  6 tentacles (D:1)
14 creatures vanquished.

Grand Total: 88 creatures vanquished

Notes
Turn   | Place    | Note
-------+----------+-------------------------------------------
     0 | D:1      | Amnesiac the Spriggan Berserker began the quest for the Orb.
     0 | D:1      | Reached XP level 1. HP: 11/11 MP: 2/2
     0 | D:1      | Noticed a spriggan
     0 | D:1      | Noticed a troll
     0 | D:1      | Noticed a naga
     0 | D:1      | Noticed a ghoul
     0 | D:1      | Noticed a spriggan
     0 | D:1      | Noticed a troll
     0 | D:1      | Noticed an octopode
     0 | D:1      | Noticed a kraken
     0 | D:1      | Noticed a minotaur
     0 | D:1      | Noticed a ghoul
     0 | D:1      | Noticed a minotaur
     0 | D:1      | Noticed a vine stalker
     0 | D:1      | Noticed an ogre
     6 | D:1      | Killed an octopode
     8 | D:1      | Killed a spriggan
    10 | D:1      | Killed an ogre
    11 | D:1      | Killed a vine stalker
    11 | D:1      | Killed a spriggan
    14 | D:1      | Killed a troll
    15 | D:1      | Killed a minotaur
    16 | D:1      | Killed a kraken
    73 | D:1      | Reached skill level 1 in Stealth
   349 | D:1      | Reached XP level 2. HP: 13/16 MP: 3/3
   886 | D:2      | Reached XP level 3. HP: 19/19 MP: 4/4
   941 | D:2      | Found a sacrificial altar of Ru.
  1123 | D:2      | Reached skill level 5 in Dodging
  1316 | D:2      | Reached XP level 4. HP: 21/24 MP: 5/5
  1337 | D:2      | Found a sparkling altar of Nemelex Xobeh.
  1366 | D:2      | Reached ** piety under Trog
  1654 | D:3      | HP: 1/36 [poisoned by a kobold]
  1659 | D:3      | HP: 1/24 [poisoned by a kobold]
  1739 | D:3      | Reached XP level 5. HP: 14/29 MP: 6/6
  2045 | D:3      | Found a deep blue altar of Sif Muna.
  2455 | D:3      | Reached XP level 6. HP: 29/35 MP: 7/7
  2499 | D:4      | Reached skill level 5 in Fighting
  2759 | D:4      | Noticed Sigmund
  2767 | D:4      | Killed Sigmund
  2767 | D:4      | Reached *** piety under Trog
  2824 | D:4      | Killed from afar by an orc wizard

Vault maps used:
D:1:      nicolae_arrival_kraken_aquarium_a
D:2:      nemelex_xobeh_ov_fountains_minmay, nicolae_ru_sacrificial_ziggurat
D:3:      marbit_many_paths, first_ration, small_statue_intersection
D:4:      trog_butcher_becter, uniq_sigmund

Skill      XL: |  1  2  3  4  5  6 |
---------------+-------------------+-----
Stealth        | 1 2 |  2.9
Fighting       | 3 4 5 |  5.9
Dodging        | 5 |  5.2
Short Blades   | |  3.9

Action                   |  1- 3 |  4- 6 || total
-------------------------+-------+-------++-------
Melee: Short sword       |    36 |       ||    36
       Dagger            |    88 |   156 ||   244
       Whip              |       |     9 ||     9
  Use: Potion            |       |     5 ||     5
 Stab: Sleeping          |     3 |     7 ||    10
Armor: Animal skin       |    12 |     4 ||    16
Dodge: Dodged            |    91 |    96 ||   187

Table legend:
 A = Spawn XP
 B = Non-spawn XP
 C = Spawn XP percentage of total XP
 D = Spawn monster count
 E = Non-spawn monster count
 F = Spawn count percentage of total count
 G = Total turns spent on level
                    A         B        C        D         E        F      G
               +---------+---------+-------+---------+---------+-------+---------
         Total |       0 |     707 |   0.0 |       0 |      74 |   0.0 |  2824
               +---------+---------+-------+---------+---------+-------+---------
           D:1 |       0 |      25 |   0.0 |       0 |      12 |   0.0 |   869
           D:2 |       0 |      79 |   0.0 |       0 |      22 |   0.0 |   623
           D:3 |       0 |     306 |   0.0 |       0 |      35 |   0.0 |   982
           D:4 |       0 |     297 |   0.0 |       0 |       5 |   0.0 |   350
               +---------+---------+-------+---------+---------+-------+---------
